 Dungeon Crawl Stone Soup version 0.18-b1-16-g289874d (webtiles) character file.

64057 Wooh the Warrior (level 14, -22/144 HPs)
             Began as a Red Draconian Fighter on May 1, 2016.
             Was the Champion of Makhleb.
             Annihilated by an orc warlord
             ... wielding a +0 battleaxe
              (33 damage)
             ... on level 2 of the Orcish Mines.
             The game lasted 02:14:21 (27570 turns).

Wooh the Warrior (Red Draconian Fighter)           Turns: 27570, Time: 02:14:21

Health: -22/144    AC: 12    Str: 18    XL:     14   Next: 70%
Magic:  23/23      EV: 15    Int: 12    God:    Makhleb [******]
Gold:   1223       SH: 15    Dex: 17    Spells: 0 memorised, 13 levels left

rFire  + . .     SeeInvis .     W - +3 morningstar (drain)
rCold  . . .     Gourm    .     (armour unavailable)
rNeg   . . .     Faith    .     b - +0 shield
rPois  +         Spirit   .     (helmet restricted)
rElec  .         Dismiss  .     (no cloak)
rCorr  .         Reflect  +     n - +0 pair of gloves
SustAt .         Harm     .     Z - +2 pair of boots of Orydiss {-Tele rPois Int+4}
MR     +....     NoTele   +     m - +6 amulet of reflection
Stlth  ++........               l - ring "Igyniod" {+Fly Slay+2}
                                N - +2 ring of slaying

@: somewhat resistant to hostile enchantments, unstealthy
A: breathe fire, unfitting armour, fire resistance 1, cold-blooded, AC +8
a: Breathe Fire, Minor Destruction, Lesser Servant of Makhleb, Major
Destruction, Greater Servant of Makhleb, Renounce Religion, Evoke Flight


You were on level 2 of the Orcish Mines.
You worshipped Makhleb.
Makhleb was exalted by your worship.
You were very hungry.

You visited 4 branches of the dungeon, and saw 22 of its levels.
You also visited: Labyrinth.

You collected 2055 gold pieces.
You spent 832 gold pieces at shops.

Inventory:

Hand Weapons
 Q - a +2 flail of protection
 U - a +0 dire flail
 V - a +1 flail of draining
 W - a +3 morningstar of draining (weapon)
 X - a +1 glaive of protection
Missiles
 e - 4 poisoned javelins (quivered)
 O - a throwing net
Armour
 b - a +0 shield (worn)
 n - a +0 pair of gloves (worn)
 Z - the +2 pair of boots of Orydiss (worn) {-Tele rPois Int+4}
   (You found it in a labyrinth)

   It affects your intelligence (+4).
   It protects you from poison.
   It prevents most forms of teleportation.
Jewellery
 l - the ring "Igyniod" (right hand) {+Fly Slay+2}
   (You found it in a labyrinth)

   [ring of flight]

   It affects your accuracy and damage with ranged weapons and melee attacks
   (+2).
   It lets you fly.
 m - a +6 amulet of reflection (around neck)
 w - an uncursed ring of poison resistance
 D - an uncursed ring of flight
 N - a +2 ring of slaying (left hand)
Wands
 K - a wand of teleportation (1/9)
 M - a wand of polymorph (16/24)
 S - a wand of hasting (4/9)
 Y - a wand of digging (10/24)
Scrolls
 f - a scroll of brand weapon {unknown}
 g - 5 scrolls of recharging
 i - 6 scrolls of teleportation
 k - 4 scrolls of magic mapping
 s - 8 scrolls of remove curse
 u - a scroll of blinking {unknown}
 v - 9 scrolls of enchant armour
 y - 8 scrolls of enchant weapon
 G - 3 scrolls of immolation {unknown}
 J - 4 scrolls of identify
 P - a scroll of vulnerability {unknown}
 R - a scroll of summoning {unknown}
Potions
 a - a potion of cancellation {unknown}
 c - 3 potions of might
 h - 6 potions of flight
 j - 4 potions of agility
 o - 9 potions of curing
 r - 3 potions of resistance
 x - a potion of magic {unknown}
 z - a potion of brilliance {unknown}
 A - a potion of beneficial mutation {unknown}
 C - a potion of heal wounds
 E - 3 potions of ambrosia {unknown}
 F - 3 potions of lignification {unknown}
 I - 2 potions of invisibility {unknown}
Miscellaneous
 L - a box of beasts
Comestibles
 d - 5 bread rations
 p - 6 beef jerkies
 q - 4 slices of pizza
 t - 7 fruits
 H - 6 meat rations
 T - a chunk of flesh


   Skills:
 - Level 18.3 Fighting
 + Level 13.5 Maces & Flails
 + Level 8.3 Dodging
 - Level 3.0 Shields
 - Level 12.0 Invocations


You had 13 spell levels left.
You didn't know any spells.

Dungeon Overview and Level Annotations

Branches:
Dungeon (11/15)            Temple (1/1) D:5            Lair (8/8) D:8
  Swamp (0/4) Lair:5       Spider (0/4) Lair:4        Slime (0/6) Lair:6
    Orc (2/2) D:11            Elf (0/3) Orc:2

Altars:
Ashenzari
Cheibriados
Dithmenos
Elyvilon
Fedhas
Gozag
Kikubaaqudgha
Makhleb
Nemelex Xobeh
Okawaru
Pakellas
Qazlal
Ru
Sif Muna
Trog
Vehumet
Xom
Yredelemnul
Zin
The Shining One
Beogh
Jiyva
Lugonu

Shops:
D:4 !   Orc:2 ?}:


Innate Abilities, Weirdness & Mutations

You can breathe blasts of fire.
Your fiery red scales are hard (AC +8).
Your body does not fit into most forms of armour.
Your flesh is heat resistant.
You are cold-blooded and may be slowed by cold attacks.


Message History

You start removing your armour.
You continue taking off the +2 pair of boots of Orydiss {-Tele rPois Int+4}.
The orc priest no longer looks unusually strong.
Something closely misses your cacodemon.
Your cacodemon hits the orc warrior!
The orc warrior dies!
Makhleb accepts your kill.
You continue taking off the +2 pair of boots of Orydiss {-Tele rPois Int+4}.
Something hits your cacodemon.
Your cacodemon hits the orc warlord but does no damage.
Your cacodemon hits the orc warlord!
You continue taking off the +2 pair of boots of Orydiss {-Tele rPois Int+4}.
The orc no longer looks unusually strong.
Your cacodemon hits the orc warlord!!
Your cacodemon barely misses the orc warlord.
You continue taking off the +2 pair of boots of Orydiss {-Tele rPois Int+4}.
The orc warrior no longer looks unusually strong.
Something hits your cacodemon but does no damage.
The orc warlord hits you with a battleaxe!!
You die...

#........8.8.
#.......#.⌠.⌠
##.......8.∩. #
###......⌠.⌠ #
##.#.##.8.8. ##
############.....#.#...
.###
##......................
.#.#####
#..##########....#......
#..(#..###.###..@#
###.....#...
[#.#....#..# #.)o#
##...##...
.(.##..##.####.2o#
#..#.....
..........#.8##o###'##
##.....#.
........8.))).oo.oo.oo.
#...#...
..........)..o([.8ooooh
#..##..#
..#.....8.'..o.o..ooo.o
#...#.##
.#.#......#.8##'###o##8
#...#.#. ....#..##.####
o.# ....#.#.


You could see an orc warlord, 2 orc warriors, 3 orc priests, an orc wizard, an
orc and a friendly cacodemon.

Vanquished Creatures
  A minotaur (Lab)
  4 hydras
  A queen ant (Lair:6)
  A death yak (Lair:5)
  Erica (Lair:2)
  Nergalle (Lair:1)
  Sonja (Lair:1)
  5 orc knights
  3 orc sorcerers
  An oklob plant (Lair:7)
  A cyclops (Orc:2)
  2 griffons
  7 elephants (Lair:7)
  3 black mambas
  A rime drake (Lair:5)
  6 komodo dragons
  22 spiny frogs
  2 trolls (D:8)
  A giant leech (Lair:8)
  Grinder (D:4)
  A polar bear (Lair:7)
  21 blink frogs
  A shadow (D:10)
  44 yaks
  A vampire (D:11)
  A hill giant zombie (D:11)
  3 basilisks
  5 hungry ghosts
  7 vampire mosquitoes
  14 hippogriffs
  3 wargs
  7 soldier ants (Lair:6)
  22 water moccasins
  Duvessa (D:7)
  15 porcupines
  33 orc warriors
  A black bear (D:7)
  2 sky beasts
  6 ogres
  A necrophage (D:8)
  17 wolves
  2 phantoms
  4 centaurs
  12 crocodiles
  A big kobold (D:9)
  29 giant frogs
  A gnoll sergeant (D:10)
  15 killer bees
  5 scorpions
  Dowan (D:7)
  3 wights (D:9)
  3 howler monkeys
  9 electric eels
  A centaur zombie (D:7)
  4 crimson imps
  A giant frog zombie (D:6)
  2 jellies
  8 hounds
  2 centaur skeletons
  8 orc priests
  17 orc wizards
  A giant frog skeleton (D:4)
  5 iguanas
  Natasha (D:4)
  24 worker ants
  10 sheep (Lair:6)
  5 ogre zombies (D:11)
  3 hound zombies
  A hound skeleton (D:11)
  A mummy (D:7)
  Robin (D:4)
  A howler monkey skeleton (D:7)
  2 worker ant zombies
  11 gnolls
  11 adders
  92 river rats
  3 shadow imps
  2 oozes
  A worm (Lair:4)
  A dart slug (D:2)
  7 giant geckos
  89 orcs
  2 ball pythons
  11 bats
  8 giant cockroaches
  14 goblins
  11 hobgoblins
  9 jackals
  5 quokkas
  3 giant newts
  2 goblin skeletons (D:11)
  3 goblin zombies (D:11)
  2 hobgoblin zombies (D:11)
  13 kobolds
  2 orc skeletons (D:11)
  10 orc zombies (D:11)
  A quokka skeleton (D:4)
  A quokka zombie (D:8)
  5 rats
  A fungus (Lair:7)
  A plant (Lair:7)
775 creatures vanquished.

Vanquished Creatures (collateral kills)
  Maud (Lair:8)
  The ghost of Freud the Blocker, a journeyman FoFi of Okawaru (Lair:2)
  Harold (Lair:2)
  3 death yaks
  An orc high priest (Orc:1)
  A spiny frog (Lair:8)
  A troll (Orc:2)
  A yak (Lair:7)
  A vampire mosquito (Lair:8)
  10 orc warriors
  A crocodile (Lair:2)
  4 giant frogs (Lair:8)
  An orc priest (Orc:2)
  6 river rats
  7 orcs
40 creatures vanquished.

Vanquished Creatures (others)
  Nessos (Lair:5)
  A cyclops (Orc:2)
  An orc warrior (Orc:2)
  3 centaurs
  An orc wizard (Orc:2)
  2 orcs (D:8)
  2 jackals (D:8)
  A kobold (D:9)
  35 fungi
  24 plants
71 creatures vanquished.

Grand Total: 886 creatures vanquished

Notes
Turn   | Place    | Note
--------------------------------------------------------------
     0 | D:1      | Wooh the Draconian Fighter began the quest for the Orb.
     0 | D:1      | Reached XP level 1. HP: 19/19 MP: 1/1
    56 | D:1      | Reached XP level 2. HP: 17/27 MP: 2/2
    58 | D:1      | Reached skill level 4 in Fighting
   593 | D:1      | Reached XP level 3. HP: 32/34 MP: 3/3
  1044 | D:1      | Found a glowing golden altar of the Shining One.
  1145 | D:2      | Reached skill level 5 in Fighting
  1573 | D:2      | Reached XP level 4. HP: 42/42 MP: 4/4
  2218 | D:3      | Found a glowing silver altar of Zin.
  2389 | D:3      | Found a shadowy altar of Dithmenos.
  2646 | D:3      | Reached skill level 6 in Fighting
  2649 | D:3      | Reached XP level 5. HP: 26/51 MP: 5/5
  3077 | D:3      | Reached skill level 7 in Fighting
  3263 | D:4      | Noticed Natasha
  3292 | D:4      | Reached XP level 6. HP: 50/60 MP: 6/6
  3403 | D:4      | Found a bloodstained altar of Trog.
  3447 | D:4      | Reached skill level 8 in Fighting
  3560 | D:4      | Noticed Grinder
  3577 | D:4      | Killed Grinder
  3577 | D:4      | Reached skill level 9 in Fighting
  3577 | D:4      | Your scales start taking on a fiery red colour.
  3577 | D:4      | Reached XP level 7. HP: 48/70 MP: 7/7
  3577 | D:4      | Gained mutation: Your flesh is heat resistant. [Red Draconian growth]
  3830 | D:4      | Killed Natasha
  4000 | D:4      | Noticed Robin
  4025 | D:4      | Killed Robin
  4065 | D:4      | Found Suimok's Distillery.
  4227 | D:5      | Entered Level 5 of the Dungeon
  4253 | D:5      | Found an oddly glowing altar of Pakellas.
  4300 | D:5      | Found a radiant altar of Vehumet.
  4385 | D:5      | Reached skill level 10 in Fighting
  4582 | D:5      | Noticed a hungry ghost
  4662 | D:6      | Reached XP level 8. HP: 80/80 MP: 8/8
  4866 | D:5      | Reached skill level 11 in Fighting
  5308 | D:5      | Found a staircase to the Ecumenical Temple.
  5317 | Temple   | Entered the Ecumenical Temple
  5335 | Temple   | Became a worshipper of Makhleb the Destroyer
  5384 | D:5      | You fall through a shaft for 2 floors!
  5702 | D:7      | Found a snail-covered altar of Cheibriados.
  5724 | D:7      | Noticed Duvessa
  5724 | D:7      | Noticed Dowan
  5726 | D:7      | Killed Dowan
  5739 | D:7      | Killed Duvessa
  6720 | D:6      | Reached XP level 9. HP: 89/89 MP: 9/9
  6933 | D:7      | Reached * piety under Makhleb
  7012 | D:7      | Found a blossoming altar of Fedhas.
  7016 | D:7      | Found a glowing golden altar of the Shining One.
  7018 | D:7      | Found an opulent altar of Gozag.
  7018 | D:7      | Found a sacrificial altar of Ru.
  7020 | D:7      | Found a shimmering altar of Xom.
  7021 | D:7      | Found a sparkling altar of Nemelex Xobeh.
  7022 | D:7      | Found a shattered altar of Ashenzari.
  7146 | D:7      | Found a stormy altar of Qazlal.
  7343 | D:7      | Reached skill level 5 in Maces & Flails
  7343 | D:7      | Reached skill level 5 in Dodging
  7762 | D:7      | Reached ** piety under Makhleb
  8418 | D:8      | Reached skill level 1 in Invocations
  8905 | D:8      | Noticed a troll
  8913 | D:8      | Killed a troll
  9019 | D:8      | Noticed a troll
  9027 | D:8      | Killed a troll
  9027 | D:8      | Reached XP level 10. HP: 85/96 MP: 11/13
  9102 | D:8      | Found a staircase to the Lair.
  9409 | Lair:1   | Entered Level 1 of the Lair of Beasts
  9455 | Lair:1   | Noticed a spiny frog
  9477 | Lair:1   | Reached skill level 5 in Invocations
  9522 | Lair:1   | Killed a spiny frog
  9818 | Lair:1   | Found a sparkling altar of Nemelex Xobeh.
  9996 | Lair:1   | Noticed a spiny frog
 10005 | Lair:1   | Killed a spiny frog
 10054 | Lair:1   | Reached *** piety under Makhleb
 10240 | Lair:1   | Noticed Sonja
 10246 | Lair:1   | Killed Sonja
 10246 | Lair:1   | Reached skill level 10 in Maces & Flails
 10379 | Lair:1   | Noticed a black mamba
 10389 | Lair:1   | Killed a black mamba
 10389 | Lair:1   | Reached XP level 11. HP: 89/102 MP: 16/16
 10566 | Lair:1   | Noticed Nergalle
 10597 | Lair:1   | Noticed a spectral orc warlord
 10597 | Lair:1   | Killed Nergalle
 11109 | Lair:2   | Found a labyrinth entrance.
 11142 | Lair:2   | Noticed Erica
 11149 | Lair:2   | Killed Erica
 11168 | Lab      | Entered a labyrinth
 12443 | Lab      | Paralysed by fainting for 8 turns
 13392 | Lab      | Noticed a minotaur
 13397 | Lab      | Killed a minotaur
 13402 | Lab      | Got a heavily runed platinum ring
 13403 | Lab      | Got a pair of ancient boots
 13409 | Lab      | Identified the +2 pair of boots of Orydiss {-Tele rPois Int+4} (You found it in a labyrinth)
 13519 | Lair:2   | Noticed Harold
 13546 | Lair:2   | Killed Harold
 13629 | Lair:2   | Noticed Freud's ghost (journeyman FoFi)
 13651 | Lair:2   | Killed Freud's ghost
 13888 | Lair:2   | Reached **** piety under Makhleb
 14489 | Lair:3   | Reached skill level 12 in Fighting
 14714 | Lair:3   | Reached XP level 12. HP: 113/113 MP: 17/17
 15227 | Lair:3   | Noticed a seven-headed hydra
 15239 | Lair:3   | Killed a seven-headed hydra
 15434 | Lair:4   | Reached ***** piety under Makhleb
 15434 | Lair:4   | Reached skill level 13 in Fighting
 15468 | Lair:4   | Found a hole to the Spider Nest.
 16113 | Lair:4   | Reached skill level 14 in Fighting
 16511 | Lair:5   | Noticed Nessos
 16516 | Lair:5   | Killed Nessos
 16746 | Lair:5   | Found a staircase to the Swamp.
 16812 | Lair:5   | Identified the ring "Igyniod" {+Fly Slay+2} (You found it in a labyrinth)
 17427 | Lair:6   | Noticed a seven-headed hydra
 17436 | Lair:6   | Killed a seven-headed hydra
 17543 | Lair:6   | Noticed a death yak
 17544 | Lair:6   | Noticed a death yak
 17545 | Lair:6   | Noticed a death yak
 17545 | Lair:6   | Noticed a death yak
 18226 | Lair:6   | Found a viscous altar of Jiyva.
 18226 | Lair:6   | Found a staircase to the Slime Pits.
 18258 | Lair:6   | Noticed a queen ant
 18330 | Lair:6   | Killed a queen ant
 18332 | Lair:6   | Reached XP level 13. HP: 125/125 MP: 20/20
 18554 | Lair:5   | Reached skill level 15 in Fighting
 18555 | Lair:5   | Reached skill level 10 in Invocations
 19380 | Lair:7   | Reached ****** piety under Makhleb
 20510 | Lair:7   | Reached skill level 16 in Fighting
 20661 | Lair:8   | Entered Level 8 of the Lair of Beasts
 20948 | Lair:8   | Noticed Maud
 20982 | Lair:8   | Killed Maud
 21099 | Lair:8   | Reached XP level 14. HP: 83/138 MP: 23/23
 21104 | Lair:8   | Reached skill level 17 in Fighting
 23366 | D:10     | Entered Level 10 of the Dungeon
 23432 | D:10     | Reached skill level 18 in Fighting
 24169 | D:11     | Found a staircase to the Orcish Mines.
 25110 | Orc:1    | Entered Level 1 of the Orcish Mines
 25110 | Orc:1    | Found a roughly hewn altar of Beogh.
 26050 | Orc:2    | Entered Level 2 of the Orcish Mines
 26050 | Orc:2    | Found a burning altar of Makhleb.
 26170 | Orc:2    | Found a staircase to the Elven Halls.
 26204 | Orc:2    | Found a roughly hewn altar of Beogh.
 26674 | Orc:2    | Found a roughly hewn altar of Beogh.
 26684 | Orc:2    | Found Damyggum's Book Emporium.
 26871 | Orc:2    | Found a roughly hewn altar of Beogh.
 27025 | Orc:2    | Found Vaxuusui's Gadget Emporium.
 27204 | Orc:2    | Found a roughly hewn altar of Beogh.
 27244 | Orc:2    | Found Voacwua's Magic Scroll Emporium.
 27249 | Orc:2    | Bought a scroll of acquirement for 832 gold pieces
 27534 | Orc:2    | Noticed an orc warlord
 27570 | Orc:2    | Annihilated by an orc warlord

Skill      XL: |  1  2  3  4  5  6  7  8  9 10 11 12 13 14 |
---------------+-------------------------------------------+-----
Fighting       | 4 5 6 7 9 10 11 12 14 16 18 | 18.3
Dodging        | 4 6 8 |  8.3
Maces & Flails | 4 7 10 13 | 13.5
Invocations    | 4 6 9 12 | 12.0
Shields        | |  3.0

Action                   |  1- 3 |  4- 6 |  7- 9 | 10-12 | 13-15 || total
-------------------------+-------+-------+-------+-------+-------++-------
Melee: Flail             |   158 |   161 |   408 |   984 |  1346 ||  3057
       Tailslap          |    14 |    10 |    62 |   191 |   255 ||   532
       Morningstar       |       |       |       |       |    36 ||    36
Throw: Javelin           |     5 |     9 |    19 |     4 |       ||    37
Invok: Minor Destruction |       |       |     5 |    60 |    41 ||   106
       Lesser Servant of |       |       |       |     6 |    13 ||    19
       Major Destruction |       |       |       |     2 |    16 ||    18
       Greater Servant o |       |       |       |       |     1 ||     1
 Abil: Breathe Fire      |       |       |    24 |    30 |    29 ||    83
  Use: Scroll            |       |       |       |    12 |     7 ||    19
       Potion            |       |       |       |       |     2 ||     2
 Stab: Sleeping          |       |     1 |     3 |     3 |     3 ||    10
       Distracted        |       |       |     1 |       |     2 ||     3
  Eat: Chunk             |     2 |     7 |    17 |    33 |    44 ||   103
       Meat ration       |       |       |     2 |       |       ||     2
       Bread ration      |       |       |       |     1 |       ||     1
       Pizza             |       |       |       |     1 |       ||     1
Armor: Skin              |    69 |    42 |   128 |   235 |   374 ||   848
Dodge: Dodged            |    91 |    65 |   195 |   361 |   607 ||  1319
Block: Shield            |   102 |    66 |   399 |   737 |  1210 ||  2514
       Reflection        |       |       |    13 |     7 |    35 ||    55
